Online, lawful female human Valkyrie -------------- ------------- -------- |............|# |...........|############-......| |......{.....|# #............|# |......| |............|# #|...........|############.......| -----------.--### #|...........|# |......| ## # # #|...........|# #-......| # # ### #|...........|# |......| ### # # #--------.----# ----|--- # # ########################## ## ### # # # # # # # # ### ### #### ### ### # # -|---------- -----.---------- # #I# ---------+--- ...........| |..............| ## # |...........| # |..........| |.{.............# # ------ ### |............####...........| |..............|#######...... # |..{.....^.<|# |....>.....| |.....%........|# # |....|%## ------------- ------------ ---------------- ##......# ------ Online the Skirmisher Experience level: 3 Strength: 15 Dexterity: 16 Constitution: 18 Intelligence: 8 Wisdom: 8 Charisma: 10 Health: 0(27) Energy: 6(6) Def: 4 Gold: 133 Moves: 1013 Dungeon seed: jEaio5IC-mF06lBA Game ID: Online_1474707400 Your Inventory: Coins $ - 133 gold pieces Weapons a - a +1 long sword (weapon in hand) b - a corroded +0 dagger (alternate weapon; not wielded) Armor e - an uncursed +3 small shield (being worn) n - an uncursed +1 leather armor Comestibles g - an uncursed tripe ration i - an uncursed lembas wafer Potions d - a cursed potion of extra healing f - 2 uncursed potions of healing Wands h - a wand of magic missile (0:5) Gems q - an uncursed worthless piece of black glass Spells and supernatural/magical abilities: Name Level Category Fail Memory W - pray for help -- divine ? -- Your skills at the end: Fighting Skills Weapon Skills dagger [Basic] long sword [Basic] Spellcasting Skills Final Attributes: You were piously aligned. You were cold resistant. You were stealthy. You are dead. Vanquished creatures: a little dog an acid blob a giant rat 2 yellow molds 2 foxes 2 sewer rats 3 grid bugs 3 lichens a kobold zombie 6 newts 22 creatures vanquished. Voluntary challenges: You were an atheist. You used a wielded weapon 27 times, starting on turn 52. You were illiterate. You never genocided any monsters. You never polymorphed an object. You never changed form. You used no wishes. You never split a pudding. You never wrote Elbereth's name. You never violated your personal moral code. Dungeon overview: The Dungeons of Doom: levels 1 to 4 Level 1 a fountain a long staircase Level 2 a jewelry store, a fountain a long staircase Level 3 <- You were here some fountains Level 4 History has recorded: On T:1 you entered the Dungeons of Doom to retrieve the Amulet of Yendor! On T:305 you reached level 2 of The Dungeons of Doom. On T:451 you advanced to experience level 2. On T:658 you reached level 3 of The Dungeons of Doom. On T:677 you reached level 4 of The Dungeons of Doom. On T:957 you advanced to experience level 3. Score breakdown: Gold: 133 ( 7235 points) Experience: 3 levels ( 7878 points) Exploration: 4 levels ( 8.00%) ( 7423 points) Discoveries: 0 items ( 0.00%) ( 0 points) Valuables value: (no points given unless you survive) Artifact value: 0 ( 0 points) Variety of kills: 10 monsters ( 2.62%) ( 4860 points) Turncount: 1013 turns ( 0 points) Survival: died (score multiplied by 80%) Total score: 21916 Latest messages: Welcome to experience level 3. You hit the acid blob. You are splashed by the acid blob's acid! You hit the acid blob. Your dagger corrodes! You miss the acid blob. You kill the acid blob! You are splashed by its acid! Valkyrie needs food, badly! That food really hit the spot! You finish eating the food ration. Where do you want to travel to? You stop travelling. You hit the homunculus. The homunculus bites! You are now wielding your long sword. b - a corroded +0 dagger (alternate weapon; not wielded). You miss the homunculus. The homunculus bites! You are put to sleep! It bites! (7x) You die... Final status: Farvel Online the Valkyrie, killed by a homunculus, while sleeping... You died in The Dungeons of Doom on dungeon level 3 with 21916 points, and 133 pieces of gold, after 1013 moves. You were level 3 with a maximum of 27 hit points when you died.